 Dungeon Crawl Stone Soup version 0.25-a0-341-g6f074c887a (webtiles) character file.

Game seed: 12848828118837678528, levelgen mode: deterministic

35 Chavier10 the Twirler (level 3, 0/26 HPs)
             Began as a Human Wanderer on Dec 30, 2019.
             Succumbed to an adder's poison
             ... on level 1 of the Dungeon.
             The game lasted 00:04:06 (1217 turns).

Chavier10 the Twirler (Human Wanderer)              Turns: 1217, Time: 00:04:06

Health: 0/26       AC:  2    Str: 15    XL:     3   Next: 52%
Magic:  5/6        EV: 11    Int:  9    God:
Gold:   40         SH:  0    Dex: 13    Spells: 5/6 levels left

rFire    . . .     SeeInvis .   a - +2 quarterstaff
rCold    . . .     Gourm    .   (shield currently unavailable)
rNeg     . . .     Faith    .   d - +0 robe
rPois    .         Spirit   .   (no helmet)
rElec    .         Reflect  .   (no cloak)
rCorr    .         Harm     .   (no gloves)
MR       .....                  (boots currently unavailable)
Stlth    ++........             (no amulet)
HPRegen  0.08/turn              (no ring)
MPRegen  0.10/turn              (no ring)

@: lethally poisoned (0 -> -5), appendage
A: talons 3
a: End Transformation


You were on level 1 of the Dungeon.
You were hungry.
You had grown temporary talons.
You visited 1 branch of the dungeon, and saw 2 of its levels.

You collected 40 gold pieces.

Inventory:

Hand Weapons
 a - a +2 quarterstaff (weapon)
 g - a +0 dagger
Missiles
 b - 55 arrows
 e - 13 poisoned darts (quivered)
Armour
 d - a +0 robe (worn)
Comestibles
 f - 5 rations


   Skills:
 + Level 1.4 Fighting
 + Level 3.4 Staves
 + Level 0.4 Dodging
 + Level 1.0 Stealth
   Level 1.0 Shields
 + Level 2.1 Spellcasting
 + Level 3.2 Transmutations


You had 5 spell levels left.
You knew the following spells:

 Your Spells              Type           Power        Failure   Level  Hunger
a - Beastly Appendage     Tmut           #.....       9%          1    ##.....

Your spell library contained the following spells:

 Spells                   Type           Power        Failure   Level  Hunger
 Summon Butterflies       Summ           #.......     32%         1    ##.....
 Spider Form              Tmut/Pois      #.........   45%         3    ####...
 Summon Guardian Golem    Hex/Summ       #.......     69%         3    ####...


Dungeon Overview and Level Annotations

Branches:
Dungeon (2/15)

Altars:


Innate Abilities, Weirdness & Mutations

You have claws for feet.


Message History

* * * LOW HITPOINT WARNING * * *
You feel sick. The kobold hits you.
* * * LOW HITPOINT WARNING * * *
* * * LOW HITPOINT WARNING * * *
You feel sick. The kobold closely misses you.
You see here 2 stones.
There is a stone staircase leading up here.
Casting: Beastly Appendage (safe; 9% risk of failure)
Confirm with . or Enter, or press ? or * to list all spells.
Okay, then.
You can't go down here!
* * * LOW HITPOINT WARNING * * *
You feel sick. The kobold hits you but does no damage.
You climb upwards.
There is a stone staircase leading down here.
Unknown command.
Casting: Beastly Appendage (safe; 9% risk of failure)
Confirm with . or Enter, or press ? or * to list all spells.
Your feet morph into talons.
You die...

.## ##.## #............# ..###..#
#......##.##.# ...#...#
#......##.##.# #.#.##.#
#......##....#
.......######.##.#####.#
###.##...####....#####.#
#.##.#...............# ###
###.##...######..#####.# ##.##
§§#.#.....## #.@#####.# ##.#.##
§.+........####K.......####.###.#
.≈#.........##.....##......## ##.
≈≈#........#........#.....## ##
.≈###.....##........#.####.## ##.
≈.+.##...###........#.##....###..
≈≈#.##..## #.......##.##.#...#.#.
###.....# #......###............
........# #...#### #......######


You could see a kobold.

Vanquished Creatures
  An adder (D:2)
  A dart slug (D:1)
  4 leopard geckos (D:1)
  A giant cockroach (D:1)
  A goblin (D:1)
  3 hobgoblins (D:1)
  4 bats (D:1)
  2 kobolds (D:1)
  2 rats (D:1)
19 creatures vanquished.

Notes
Turn   | Place    | Note
-------+----------+-------------------------------------------
     0 | D:1      | Chavier10 the Human Wanderer began the quest for the Orb.
     0 | D:1      | Chavier10 set off with the following items: a +2
                  | quarterstaff, a +0 robe, a ration; and the following spells
                  | available to memorise: Beastly Appendage, Summon
                  | Butterflies, Spider Form, Summon Guardian Golem
     0 | D:1      | Reached XP level 1. HP: 13/13 MP: 3/3
     2 | D:1      | Learned a level 1 spell: Beastly Appendage
   250 | D:1      | Reached XP level 2. HP: 14/20 MP: 5/5
   702 | D:1      | Reached XP level 3. HP: 22/25 MP: 6/6
   791 | D:1      | Reached skill level 1 in Fighting
   797 | D:1      | Learned a level 1 spell: Beastly Appendage
  1215 | D:2      | HP: 1/26 [poisoned by an adder]
  1217 | D:1      | Succumbed to an adder's poison

Levels and vault maps discovered:
D:1:      ncdulo_lavacross, layout_loops_cross
D:2:      layout_basic

Skill      XL: |  1  2  3 |
---------------+----------+-----
Fighting       | 1 |  1.4
Staves         | |  3.4
Dodging        | |  0.4
Stealth        | |  1.0
Shields        | |  1.0
Spellcasting   | |  2.1
Transmutations | |  3.2

Action                   || total
-------------------------++-------
Melee: Quarterstaff      ||    63
 Cast: Beastly Appendage ||     1
  Use: Potion            ||     2
       Scroll            ||     3
Armor: Robe              ||    24
Dodge: Dodged            ||    64

Table legend:
 A = Non-vault XP
 B = Vault XP
 C = Vault XP percentage of total XP
 D = Non-vault monster count
 E = Vault monster count
 F = Vault count percentage of total count
                 A         B        C        D         E       F
            +---------+---------+-------+---------+---------+-------
      Total |      50 |       0 |   0.0 |      19 |       0 |   0.0
            +---------+---------+-------+---------+---------+-------
        D:1 |      37 |       0 |   0.0 |      18 |       0 |   0.0
        D:2 |      13 |       0 |   0.0 |       1 |       0 |   0.0
            +---------+---------+-------+---------+---------+-------
